 Dungeon Crawl Stone Soup version 0.27.1-33-g824d729ab1 (webtiles) character file.

Game seed: 761580984811680944

83269 MisterFreud the Severer (level 15, -3/141 HPs)
             Began as a Hill Orc Abyssal Knight on Dec 13, 2021.
             Was the Champion of Lugonu.
             Killed by divine providence
             ... invoked by a meliai
              (10 damage)
             ... on level 15 of the Dungeon.
             The game lasted 00:35:38 (19517 turns).

MisterFreud the Severer (Hill Orc Abyssal Knight)  Turns: 19517, Time: 00:35:38

Health: -3/141     AC: 27    Str: 22    XL:     15   Next: 76%
Magic:  22/22      EV:  8    Int: 12    God:    Lugonu [******]
Gold:   1691       SH: 14    Dex: 13    Spells: 14/14 levels left

rFire    . . .     SeeInvis .   B - +2 broad axe (flame)
rCold    . . .     Faith    .   K - +0 kite shield
rNeg     . . .     Spirit   .   i - +0 chain mail
rPois    +         Reflect  .   h - +2 helmet
rElec    .         Harm     .   O - +0 cloak {Stlth+}
rCorr    .         Rampage  .   S - +0 pair of gloves of Ume Wojyts {rPois Dex+3}
Will     +....                  W - +0 pair of boots
Stlth    ..........             b - amulet of regeneration
HPRegen  1.33/turn              f - +4 ring of protection
MPRegen  0.18/turn              g - +4 ring of protection

@: no status effects
A: no striking features
a: Renounce Religion, Depart the Abyss, Bend Space, Banish, Corrupt, Enter the
Abyss, Brand Weapon With Distortion


You were on level 15 of the Dungeon.
You worshipped Lugonu.
Lugonu was exalted by your worship.
You visited 2 branches of the dungeon, and saw 21 of its levels.
You visited the Abyss 1 time.

You collected 1996 gold pieces.
You spent 305 gold pieces at shops.

Inventory:

Hand Weapons
 B - a +2 broad axe of flaming (weapon)
 M - a +2 broad axe
 Y - the +5 hand axe "Vushreor" {spect, rF+ Dex+2}
   (You found it on level 5 of the Lair of Beasts)

   When its wielder attacks, the weapon's spirit leaps out and strikes again.
   The spirit shares a part of any damage it takes with its wielder.
   Dex:       It affects your dexterity (+2).
   rF:        It protects you from fire.
Missiles
 p - 116 poisoned darts (quivered)
 x - 4 boomerangs
 D - 9 curare-tipped darts
 Z - 13 javelins
Armour
 h - a +2 helmet (worn)
 i - a +0 chain mail (worn)
 K - a +0 kite shield (worn)
 O - a +0 cloak of stealth (worn)
 S - the +0 pair of gloves of Ume Wojyts (worn) {rPois Dex+3}
   (You found it on level 1 of the Lair of Beasts)

   Dex:       It affects your dexterity (+3).
   rPois:     It protects you from poison.
 W - a +0 pair of boots (worn)
Jewellery
 b - an amulet of regeneration (around neck)
 f - a +4 ring of protection (left hand)
 g - a +4 ring of protection (right hand)
 s - a +6 ring of intelligence
 A - a ring of poison resistance
 G - a ring of positive energy
 L - a ring of protection from fire
Wands
 n - a wand of iceblast (10)
 t - a wand of acid (18)
 v - a wand of charming (24)
 z - a wand of polymorph (5)
 E - a wand of digging (3)
 Q - a wand of flame (28)
Scrolls
 a - a scroll of amnesia
 d - 3 scrolls of immolation
 j - 4 scrolls of enchant armour
 k - 3 scrolls of fog
 r - a scroll of blinking
 u - a scroll of summoning
 F - 3 scrolls of fear
 H - 2 scrolls of vulnerability
 J - 4 scrolls of magic mapping
 P - 7 scrolls of teleportation
 U - 3 scrolls of enchant weapon {unknown}
Potions
 c - 6 potions of mutation
 e - 2 potions of magic
 m - 2 potions of flight
 o - a potion of invisibility
 w - a potion of heal wounds
 C - 5 potions of haste
 I - 2 potions of brilliance
 N - 5 potions of curing
 R - a potion of cancellation {unknown}
 T - a potion of ambrosia
 V - 2 potions of might {unknown}
 X - a potion of berserk rage
Miscellaneous
 q - a lightning rod (4/4)
 y - a box of beasts


   Skills:
 - Level 15.0 Fighting
 - Level 18.0 Axes
 - Level 10.0 Armour
 - Level 0.7 Dodging
 - Level 15.0 Shields
 - Level 10.0 Invocations
 + Level 8.2 Evocations


You had 14 spell levels left.
You didn't know any spells.
Your spell library contained the following spells:

 Spells                   Type           Power      Damage    Failure   Level
 Apportation              Tloc           0%         N/A       90%         1
 Magic Dart               Conj           0%         1d3       90%         1
 Blink                    Tloc           N/A        N/A       97%         2
 Call Imp                 Summ           0%         N/A       97%         2
 Sublimation of Blood     Necr           0%         N/A       97%         2
 Gell's Gravitas          Tloc           0%         N/A       99%         3
 Lesser Beckoning         Tloc           0%         N/A       99%         3
 Mephitic Cloud           Conj/Pois/Air  0%         N/A       99%         3
 Ozocubu's Armour         Ice            0%         N/A       99%         3
 Summon Guardian Golem    Hex/Summ       0%         N/A       99%         3
 Teleport Other           Tloc           0%         N/A       99%         3
 Petrify                  Tmut/Erth      0%         N/A       100%        4
 Alistair's Intoxication  Tmut/Pois      0%         N/A       100%        5
 Borgnjor's Vile Clutch   Necr/Erth      0%         N/A       100%        5
 Irradiate                Conj/Tmut      0%         3d13      100%        5
 Manifold Assault         Tloc           0%         N/A       100%        5
 Metabolic Englaciation   Hex/Ice        0%         N/A       100%        5
 Eringya's Noxious Bog    Tmut/Pois      0%         N/A       100%        6
 Invisibility             Hex            0%         N/A       100%        6
 Simulacrum               Ice/Necr       0%         N/A       100%        6
 Orb of Destruction       Conj           0%         N/A       100%        7
 Spellforged Servitor     Conj/Summ      0%         N/A       100%        7
 Storm Form               Tmut/Air       0%         N/A       100%        7


Dungeon Overview and Level Annotations

Branches:
Dungeon (15/15)            Temple (0/1) D:7            Lair (6/6) D:10
 Shoals (0/4) Lair:3        Snake (0/4) Lair:2        Slime (0/5) Lair:5
    Orc (0/2) D:12         Vaults (0/5) D:14         Depths (0/5) D:15

Altars:
Elyvilon
Gozag
Okawaru
Sif Muna
Uskayaw
Wu Jian
Yredelemnul
Jiyva

Shops:
D:3 ([(*   D:11 (*

Portals:
Trove: D:14 (give +2 storm dragon scales)

Annotations:
D:8 1 runed translucent door, alasdair19's ghost, novice MiFi
Lair:5 1 runed translucent door, exclusion: 3 oklob plants
Abyss:1 Snorg


Message History

The skeletal warrior completely misses you.
You block the meliai's attack. x2
The necromancer hits you with a +0 dagger.
* * * LOW HITPOINT WARNING * * *
The frost giant skeleton hits you but does no damage.
The meliai hits you but does no damage. The meliai barely misses you.
The meliai hits you with a +0 hand axe!
* * * LOW HITPOINT WARNING * * *
The meliai stings you but does no damage.
The tengu warrior hits you but does no damage.
The tengu warrior pecks you but does no damage.
The tengu warrior claws you but does no damage.
The skeletal warrior hits you but does no damage.
You block the necromancer's attack. The meliai closely misses you.
The meliai stings you but does no damage.
The meliai hits you with a +0 hand axe.
* * * LOW HITPOINT WARNING * * *
You block the meliai's attack.
Items here: ( )) [[.
You feel much better.
The withered plant crumbles away.
The meliai closely misses you.
The meliai stings you but does no damage.
The meliai calls upon its god to heal the meliai.
The meliai is healed somewhat.
The meliai calls down the wrath of its god upon you.
Something smites you!
* * * LOW HITPOINT WARNING * * *
You block the meliai's attack. x2
The tengu warrior hits you with a +0 broad axe!
* * * LOW HITPOINT WARNING * * *
The tengu warrior pecks you.
* * * LOW HITPOINT WARNING * * *
You block the tengu warrior's attack.
The skeletal warrior hits you with a +0 mace!
* * * LOW HITPOINT WARNING * * *
The necromancer mumbles some strange words.
The necromancer binds the souls of nearby monsters.
The meliai calls down the wrath of its god upon you.
Something smites you!
You die...

# ..8...PP....##
.....P..8....##
.........P.....
....8>....P...#
88..P........#
............#
8......8..$.#
P8..8Zzyy...#
......p@Q.P##
#....Zy...##
#####.##)###### ##...#
#.........## ##....##
##.......... #......#
#.........# ##......#
##........## #.......#
#.........#
##.......####........##


You could see a skeletal warrior, a tengu warrior (soul bound), a necromancer, 3
meliai, a tengu warrior simulacrum and a frost giant skeleton.

Vanquished Creatures
  Rupert (D:13)
  2 fire dragons (Lair:6)
  The ghost of PanSaczeczos the Digger, a novice OgEE of Vehumet (Lair:1)
  3 catoblepae
  2 boulder beetles
  9 hydras
  6 two-headed ogres
  A death knight (D:15)
  8 centaur warriors
  Erica (D:10)
  5 death yaks (Lair:5)
  A dancing weapon (D:13)
  A vampire mage (D:15)
  2 tengu warriors
  Urug (D:13)
  Nergalle (D:10)
  A skeletal warrior (D:15)
  A lindwurm (Lair:6)
  A swamp dragon (Lair:6)
  Pikel (D:5)
  2 wizards (D:14)
  A deep elf pyromancer (D:15)
  An orc knight (D:14)
  4 ugly things
  A sphinx skeleton (D:15)
  2 manticores
  A moth of wrath (Lair:1)
  11 elephants
  A frost giant skeleton (D:15)
  2 gargoyles (D:11)
  2 black mambas (Lair:2)
  13 cane toads
  A cane toad (shapeshifter) (D:14)
  Psyche (D:9)
  5 torpor snails (Lair:6)
  5 rime drakes (Lair:6)
  14 komodo dragons
  A kobold demonologist (D:14)
  2 ice devils (D:11)
  2 freezing wraiths (D:15)
  5 tengu conjurers (D:14)
  5 yaktaurs
  2 trolls
  4 tyrant leeches (Lair:6)
  A meliai (D:13)
  A polar bear (shapeshifter) (D:14)
  9 hornets
  5 blink frogs (Lair:5)
  A meliai zombie (D:11)
  3 slime creatures (D:14)
  Grinder (D:5)
  A shadow (D:10)
  A vampire (D:10)
  A wraith (D:15)
  38 yaks
  7 wyverns
  4 basilisks
  Grum (D:9)
  A steam dragon (D:8)
  9 vampire mosquitoes
  A naga (Lair:2)
  3 acid dragons (Lair:6)
  20 water moccasins
  5 orc warriors
  2 swamp drakes (Lair:6)
  4 black bears
  A hornet zombie (D:8)
  2 ice beasts
  A sky beast (D:5)
  A necrophage (D:6)
  6 centaurs
  4 ogres
  21 wolves
  4 phantoms
  A lemure (D:5)
  7 kobold brigands
  18 bullfrogs
  A wyvern zombie (D:7)
  4 scorpions
  6 killer bees (D:10)
  A water moccasin skeleton (D:4)
  3 wights (D:8)
  2 howler monkeys
  4 electric eels
  6 centaur zombies
  2 bullfrog zombies (D:5)
  3 centaur skeletons
  Crazy Yiuf (D:7)
  4 hounds
  2 jellies
  5 orc priests
  A bullfrog skeleton (D:5)
  A gnoll shaman (D:6)
  8 iguanas
  Ijyb (D:5)
  8 orc wizards
  2 hell rats (Lair:3)
  A howler monkey zombie (D:8)
  5 gnolls (D:6)
  8 adders
  7 river rats
  A white imp (D:7)
  2 worms
  2 dart slugs
  33 orcs
  3 ball pythons
  11 bats
  5 endoplasms
  3 giant cockroaches
  5 goblins
  12 hobgoblins
  4 jackals
  3 quokkas
  3 frilled lizards (D:2)
  33 kobolds
  6 rats
  A spectral orc (D:6)
535 creatures vanquished.

Vanquished Creatures (others)
  35 fungi
  55 plants
  2 withered plants (D:15)
92 creatures vanquished.

Grand Total: 627 creatures vanquished

Notes
Turn   | Place    | Note
-------+----------+-------------------------------------------
     0 | Abyss:1  | MisterFreud the Hill Orc Abyssal Knight began the quest for
                  | the Orb.
     0 | Abyss:1  | Reached XP level 1. HP: 19/19 MP: 2/2
    43 | Abyss:1  | Noticed a raiju
    44 | D:1      | Escaped the Abyss
   137 | D:1      | Reached skill level 3 in Axes
   147 | D:1      | Reached * piety under Lugonu
   226 | D:1      | Reached XP level 2. HP: 22/26 MP: 3/3
   413 | D:1      | Reached skill level 4 in Axes
   790 | D:1      | Reached XP level 3. HP: 26/31 MP: 4/4
  1197 | D:2      | Reached skill level 5 in Axes
  1673 | D:2      | Reached XP level 4. HP: 31/39 MP: 5/5
  1971 | D:2      | Reached ** piety under Lugonu
  2185 | D:3      | Found Qeddaloi's General Store.
  2192 | D:3      | Bought a scroll of identify for 28 gold pieces
  2192 | D:3      | Bought a scroll of fog for 28 gold pieces
  2415 | D:3      | Found a shimmering blue altar of Sif Muna.
  2415 | D:3      | Found an iron altar of Okawaru.
  2415 | D:3      | Found a white marble altar of Elyvilon.
  2545 | D:3      | Found Meolainu's Antique Weapon Shoppe.
  2574 | D:3      | Reached skill level 6 in Axes
  2574 | D:3      | Reached XP level 5. HP: 38/45 MP: 6/6
  2674 | D:3      | Found Tiray's Armour Boutique.
  2718 | D:3      | Found Putipt's Weapon Emporium.
  2914 | D:3      | Noticed an ogre
  2924 | D:3      | Killed an ogre
  3118 | D:4      | Reached skill level 7 in Axes
  3118 | D:4      | Reached XP level 6. HP: 48/51 MP: 7/7
  3369 | D:4      | Noticed a black bear
  3387 | D:4      | Killed a black bear
  3388 | D:4      | Reached XP level 7. HP: 51/57 MP: 8/8
  3467 | D:4      | Reached skill level 8 in Axes
  3467 | D:4      | Reached skill level 5 in Armour
  3693 | D:4      | Reached *** piety under Lugonu
  4054 | D:5      | Entered Level 5 of the Dungeon
  4059 | D:5      | Noticed Pikel
  4119 | D:5      | Noticed Grinder
  4156 | D:5      | Killed Grinder
  4157 | D:5      | Reached skill level 9 in Axes
  4376 | D:5      | Reached XP level 8. HP: 64/64 MP: 9/9
  4416 | D:5      | Reached skill level 10 in Axes
  4570 | D:5      | Killed Pikel
  4571 | D:5      | Reached skill level 5 in Fighting
  4571 | D:5      | Reached skill level 5 in Invocations
  4653 | D:5      | Found a hide-covered altar of Uskayaw.
  4756 | D:5      | Reached XP level 9. HP: 75/75 MP: 13/13
  4813 | D:5      | Noticed Ijyb
  4835 | D:5      | Killed Ijyb
  5368 | D:6      | Reached skill level 11 in Axes
  5512 | D:6      | Reached **** piety under Lugonu
  5663 | D:6      | Found a basalt altar of Yredelemnul.
  6094 | D:7      | Found a runed translucent door.
  6095 | D:7      | Noticed Crazy Yiuf
  6479 | D:7      | Found a staircase to the Ecumenical Temple.
  6487 | D:7      | Reached skill level 12 in Axes
  6878 | D:7      | Reached XP level 10. HP: 83/83 MP: 14/14
  6958 | D:7      | Killed Crazy Yiuf
  7208 | D:8      | Reached ***** piety under Lugonu
  7235 | D:8      | Found a runed translucent door.
  7346 | D:8      | Noticed a centaur warrior
  7360 | D:8      | Killed a centaur warrior
  7361 | D:8      | Reached skill level 13 in Axes
  7385 | D:8      | Noticed alasdair19's ghost (novice MiFi)
  7543 | D:8      | Noticed a two-headed ogre
  7559 | D:8      | Killed a two-headed ogre
  7560 | D:8      | Reached skill level 14 in Axes
  7560 | D:8      | Reached skill level 10 in Armour
  7835 | D:9      | Noticed Psyche
  7862 | D:9      | Killed Psyche
  7886 | D:9      | Noticed Grum
  7896 | D:9      | Killed Grum
  8097 | D:9      | Reached XP level 11. HP: 91/91 MP: 15/17
  8452 | D:9      | Found an ornate altar of the Wu Jian Council.
  8452 | D:9      | Found an opulent altar of Gozag.
  8710 | D:10     | Entered Level 10 of the Dungeon
  8805 | D:10     | Noticed a two-headed ogre
  8820 | D:10     | Killed a two-headed ogre
  8825 | D:10     | Noticed Erica
  8861 | D:10     | Killed Erica
  8933 | D:10     | Found a staircase to the Lair.
  9102 | D:10     | Noticed Nergalle
  9125 | D:10     | HP: 3/130 [something (4)]
  9130 | D:10     | HP: 4/130 [poisoned by a spectral orc knight]
  9217 | D:10     | Reached skill level 10 in Invocations
  9308 | D:10     | Reached skill level 15 in Axes
  9515 | D:10     | Noticed Snorg
  9524 | D:10     | Banished Snorg
  9741 | D:10     | Killed Nergalle
  9818 | D:11     | Found Yxzegu's Hydra Hut.
  9822 | D:11     | Noticed an eight-headed hydra
  9830 | D:11     | Noticed a two-headed ogre
  9843 | D:11     | Killed a two-headed ogre
  9844 | D:11     | Reached skill level 10 in Fighting
  9844 | D:11     | Reached skill level 16 in Axes
  9844 | D:11     | Reached XP level 12. HP: 33/106 MP: 19/19
  9845 | D:11     | Bought a +2 broad axe of flaming for 249 gold pieces
  9997 | D:11     | Reached skill level 1 in Shields
 10051 | Lair:1   | Entered Level 1 of the Lair of Beasts
 10257 | Lair:1   | Found a transporter.
 10257 | Lair:1   | Noticed PanSaczeczos's ghost (novice OgEE)
 10703 | Lair:1   | Reached skill level 5 in Shields
 11012 | Lair:1   | Found a transporter.
 11031 | Lair:1   | Killed PanSaczeczos's ghost
 11035 | Lair:1   | Identified the +0 pair of gloves of Ume Wojyts {rPois
                  | Dex+3}
 11197 | Lair:2   | Reached skill level 17 in Axes
 11371 | Lair:2   | Found a staircase to the Snake Pit.
 11607 | Lair:2   | Noticed a four-headed hydra
 11614 | Lair:2   | Killed a one-headed hydra
 11615 | Lair:2   | Reached XP level 13. HP: 114/114 MP: 20/20
 11738 | Lair:3   | Reached ****** piety under Lugonu
 11876 | Lair:3   | Found a staircase to the Shoals.
 12196 | Lair:3   | Reached skill level 10 in Shields
 13051 | Lair:4   | Reached skill level 18 in Axes
 13584 | Lair:5   | Identified the +5 hand axe "Vushreor" {spect, rF+ Dex+2}
 14173 | Lair:5   | Reached XP level 14. HP: 122/122 MP: 21/21
 14231 | Lair:5   | Found a runed translucent door.
 14232 | Lair:5   | Found a viscous altar of Jiyva.
 14234 | Lair:5   | Found a staircase to the Slime Pits.
 14234 | Lair:5   | Noticed an azure jelly
 14434 | Lair:6   | Entered Level 6 of the Lair of Beasts
 14516 | Lair:6   | Found a dark tunnel.
 14847 | Lair:6   | Found a runed translucent door.
 14938 | Lair:6   | Reached skill level 15 in Shields
 16447 | D:11     | Found Gationo's Changing Room.
 16660 | D:11     | Reached skill level 1 in Evocations
 16959 | D:12     | Found a staircase to the Orcish Mines.
 17147 | D:13     | Noticed Urug
 17155 | D:13     | Killed Urug
 17203 | D:13     | Noticed Rupert
 17217 | D:13     | Paralysed by Rupert for 5 turns
 17226 | D:13     | Killed Rupert
 17227 | D:13     | Reached XP level 15. HP: 105/135 MP: 22/22
 17585 | D:13     | Reached skill level 5 in Evocations
 18580 | D:14     | Found a portal to a secret trove of treasure.
 19181 | D:14     | Found a gate to the Vaults.
 19209 | D:15     | Entered Level 15 of the Dungeon
 19448 | D:15     | Reached skill level 15 in Fighting
 19490 | D:15     | Found a staircase to the Depths.
 19516 | D:15     | HP: 3/141 [meliai (6)]
 19517 | D:15     | Killed from afar by a meliai

Illustrated notes

Levels and vault maps discovered:
D:1:      minmay_arrival_loop, layout_loops_ring, serial_forest,
          infiniplex_forest_join, infiniplex_forest_straight_3,
          infiniplex_forest_straight_2, infiniplex_forest_corner_1,
          infiniplex_forest_straight_4, infiniplex_forest_join,
          infiniplex_forest_straight_2, infiniplex_forest_clump_long,
          infiniplex_forest_clump_double, infiniplex_forest_straight_4
D:2:      layout_loops_ring
D:3:      layout_loops_ring, gammafunk_temple_overflow_claw, serial_shops,
          nicolae_shop_temple_entry_statues_fountains,
          nicolae_shop_behind_doors, nicolae_shop_trees, shop
D:4:      layout_cave_pools, chequers_serial_rivers_small_3, grunt_ministairs_7,
          minmay_fractal_squares_gapless_5
D:5:      layout_basic, mainiacjoe_overflow_surrounded_room, minivault_24,
          minmay_crystal_water, kennysheep_generic_room_7, uniq_pikel,
          uniq_grinder, uniq_ijyb
D:6:      layout_cave_pools, yredelemnul_forgotten_temple_becter
D:7:      layout_basic, minmay_temple_entry_stoned_glass, lightli_orcish_oven,
          uniq_crazy_yiuf_cottage
D:8:      layout_basic, ebering_ghost_reflecting_pool
D:9:      layout_long_grid, amethyst_overflow_temple_binary, minivault_21,
          uniq_grum, uniq_psyche
D:10:     layout_loops_cross, grunt_lair_entry_orc_guard_hut, nzn_life_drinkers,
          uniq_nergalle, uniq_snorg, uniq_erica
D:11:     cheibrodos_helix_gallery, layout_loops_ring,
          portal_ice_cave_demonic_guard, nicolae_transmutations_shop,
          doesnt_shop_hydraphobe
D:12:     layout_gridville, orc_0_dummy
D:13:     layout_basic, drop_trap, kennysheep_four_rooms, uniq_rupert, uniq_urug
D:14:     layout_loops_ring, hangedman_vaults_entry_quadrant_bands,
          nicolae_trove_entry_free_sample, nicolae_sextant
D:15:     gammafunk_depths_entry_grave, layout_cave_pods,
          roderic_lattice_octagonal_star, hellmonk_ghost_happy_afterlife
Lair:1:   wander_river, layout_loops_ring, gammafunk_ghost_berserking_beasts,
          pond, grunt_megastairs_2, lemuel_fruit_fields
Lair:2:   layout_misc_corridors, guppyfry_snake_entry_garden,
          beast_lair_carwin_3
Lair:3:   layout_cave_pods, elwin_shoals_entry_rocks, bh_autumn_forest_stairs,
          kennysheep_rathole, grunt_megastairs_3, serial_bayou_shore_a,
          lemuel_fruit_fields
Lair:4:   layout_loops_ring, columned_hall_lemuel, grunt_megastairs_1,
          infiniplex_staircase_pool
Lair:5:   layout_loops_ring, slime_altar_2, infiniplex_staircase_pool_2,
          minmay_lair_oklob_chamber
Lair:6:   guppyfry_lair_end_dragon, layout_misc_corridors, wormcave,
          nicolae_volcano_entry_two_sided, serial_bayou_shore_b,
          lemuel_fruit_fields

Skill      XL: |  1  2  3  4  5  6  7  8  9 10 11 12 13 14 15 |
---------------+----------------------------------------------+-----
Axes           | 3 4 5 6 7 9 10 12 14 16 17 18 | 18.0
Armour         | 4 6 9 10 | 10.0
Fighting       | 6 10 13 15 | 15.0
Invocations    | 6 8 10 | 10.0
Shields        | 8 13 15 | 15.0
Evocations     | 3 8 |  8.2
Dodging        | |  0.7

Action                   |  1- 3 |  4- 6 |  7- 9 | 10-12 | 13-15 || total
-------------------------+-------+-------+-------+-------+-------++-------
Melee: Hand axe          |   121 |   161 |   605 |    76 |       ||   963
       Battleaxe         |       |       |       |   354 |       ||   354
       Broad axe         |       |       |       |   220 |  1100 ||  1320
Throw: Dart              |       |     3 |    12 |       |       ||    15
Invok: Depart the Abyss  |     1 |       |       |       |       ||     1
       Banish            |       |       |       |     2 |       ||     2
Evoke: Wand              |       |       |     1 |       |     4 ||     5
  Use: Scroll            |       |     5 |     9 |     3 |     8 ||    25
       Potion            |       |       |       |     2 |     1 ||     3
 Stab: Petrified         |       |       |       |       |     1 ||     1
       Distracted        |       |       |       |       |     1 ||     1
Armor: Leather armour    |    75 |    11 |       |       |       ||    86
       Chain mail        |       |   113 |   329 |   456 |   534 ||  1432
Dodge: Dodged            |    78 |    65 |   169 |   200 |   231 ||   743
Block: Kite shield       |       |       |       |   100 |   621 ||   721
